 Dungeon Crawl Stone Soup version 0.22-a0-609-gfedc9ff (webtiles) character file.

236 Amnesiac the Thaumaturge (level 5, -6/28 HPs)
             Began as a Deep Elf Wizard on July 10, 2018.
             Was an Initiate of Kikubaaqudgha.
             Mangled by Natasha (7 damage)
             ... on level 3 of the Dungeon.
             The game lasted 00:03:56 (2424 turns).

Amnesiac the Thaumaturge (Deep Elf Wizard)          Turns: 2424, Time: 00:03:57

Health: -6/28      AC:  3    Str:  4    XL:     5   Next: 77%
Magic:  11/18      EV: 13    Int: 24    God:    Kikubaaqudgha [......]
Gold:   133        SH:  0    Dex: 13    Spells: 8/21 levels left

rFire    . . .     SeeInvis .   b - +2 whip (elec)
rCold    . . .     Gourm    .   (no shield)
rNeg     . . .     Faith    .   a - +0 robe
rPois    .         Spirit   .   k - +0 helmet
rElec    .         Reflect  .   (no cloak)
rCorr    .         Harm     .   (no gloves)
MR       .....                  (no boots)
Stlth    ++........             (no amulet)
HPRegen  0.09/turn              (no ring)
MPRegen  0.16/turn              (no ring)

@: very slightly contaminated, slowed, very slow
A: no striking features
a: Renounce Religion


You were on level 3 of the Dungeon.
You worshipped Kikubaaqudgha.
Kikubaaqudgha was noncommittal.
You were not hungry.

You visited 1 branch of the dungeon, and saw 4 of its levels.

You collected 133 gold pieces.

Inventory:

Hand Weapons
 b - a +2 whip of electrocution (weapon)
 c - a +0 dagger of speed
Armour
 a - a +0 robe (worn)
 k - a +0 helmet (worn)
Wands
 j - a wand of random effects (13)
Scrolls
 h - 3 scrolls of enchant armour {!r, unknown}
 i - a scroll of fear {!r, unknown}
 m - 2 scrolls of remove curse {!r, unknown}
 o - 2 scrolls of identify {!r, unknown}
Potions
 e - a potion of agility {!q, unknown}
 f - a potion of berserk rage {!q, unknown}
 g - 4 potions of heal wounds {!q, unknown}
 l - a potion of haste {!q, unknown}
 n - 2 potions of lignification {!q, unknown}
Comestibles
 d - 6 rations
 p - 5 chunks of flesh


   Skills:
 - Level 2.4 Dodging
 - Level 2.4 Stealth
 + Level 8.9 Spellcasting
 - Level 1.1 Conjurations
 - Level 1.1 Summonings
 - Level 1.1 Translocations


You had 8 spell levels left.
You knew the following spells:

 Your Spells              Type           Power        Failure   Level  Hunger
a - Magic Dart            Conj           ###.         3%          1    None
b - Call Imp              Summ           ###.....     5%          2    None
e - Mephitic Cloud        Conj/Pois/Air  ##......     16%         3    None
s - Conjure Flame         Conj/Fire      ##......     14%         3    None
v - Blink                 Tloc           N/A          5%          2    None
w - Slow                  Hex            ##......     9%          2    None

Your spell library contained the following spells:

 Spells                   Type           Power        Failure   Level  Hunger
 Apportation              Tloc           ###...       3%          1    None
 Summon Small Mammal      Summ           ###.         3%          1    None
 Animate Skeleton         Necr           N/A          6%          1    None
 Confusing Touch          Hex            ##....       6%          1    None


Dungeon Overview and Level Annotations

Branches:
Dungeon (4/15)
 Temple: D:4-7

Altars:
Dithmenos
Kikubaaqudgha
Okawaru
Ru
Wu Jian

Annotations:
D:3 Natasha
D:4 Grinder


Message History

Press: ? - help, Shift-Dir - straight line, f/p - Natasha
Aim: Natasha (moderately wounded)
The magic dart hits Natasha.
Natasha is moderately wounded.
Natasha is nearby!
Casting: Magic Dart (safe; 3% risk of failure)
Confirm with . or Enter, or press ? or * to list all spells.
Aiming: Magic Dart (safe; 3% risk of failure)
Press: ? - help, Shift-Dir - straight line, f/p - Natasha
Aim: Natasha (moderately wounded)
The magic dart hits Natasha.
Natasha is moderately wounded.
Natasha stares at you and mumbles some strange words.
The magic dart hits you!
Casting: Magic Dart (safe; 3% risk of failure)
Confirm with . or Enter, or press ? or * to list all spells.
Aiming: Magic Dart (safe; 3% risk of failure)
Press: ? - help, Shift-Dir - straight line, f/p - Natasha
Aim: Natasha (moderately wounded)
The magic dart hits Natasha.
Natasha is heavily wounded.
Natasha casts a spell at you.
You feel yourself slow down.
Casting: Magic Dart (safe; 3% risk of failure)
Confirm with . or Enter, or press ? or * to list all spells.
Aiming: Magic Dart (safe; 3% risk of failure)
Press: ? - help, Shift-Dir - straight line, f/p - Natasha
Aim: Natasha (heavily wounded)
You miscast Magic Dart.
You are very lightly contaminated with residual magic.
Wisps of smoke drift from your hands. Natasha claws you.
* * * LOW HITPOINT WARNING * * *
Natasha casts a spell at you. The magic dart hits you!
* * * LOW HITPOINT WARNING * * *
Casting: Magic Dart (safe; 3% risk of failure)
Confirm with . or Enter, or press ? or * to list all spells.
Aiming: Magic Dart (safe; 3% risk of failure)
Press: ? - help, Shift-Dir - straight line, f/p - Natasha
Aim: Natasha (heavily wounded)
The magic dart hits Natasha.
Natasha is heavily wounded.
Natasha claws you.
* * * LOW HITPOINT WARNING * * *
Casting: Magic Dart (safe; 3% risk of failure)
Confirm with . or Enter, or press ? or * to list all spells.
Aiming: Magic Dart (safe; 3% risk of failure)
Press: ? - help, Shift-Dir - straight line, f/p - Natasha
Aim: Natasha (heavily wounded)
The magic dart hits Natasha.
Natasha is heavily wounded.
Natasha claws you!
* * * LOW HITPOINT WARNING * * *
Natasha closely misses you.
Casting: Magic Dart (safe; 3% risk of failure)
Confirm with . or Enter, or press ? or * to list all spells.
Aiming: Magic Dart (safe; 3% risk of failure)
Press: ? - help, Shift-Dir - straight line, f/p - Natasha
Aim: Natasha (heavily wounded)
The magic dart hits Natasha.
Natasha is severely wounded.
Natasha claws you!
You die...
Kikubaaqudgha rasps: "You have failed me!
Welcome... death!"

## ##. ##### #.# #..
#...# #..
#..######.#.# #.#
#.#.h@......#.# #.#
.............)..####
#.#
###.####...........#
#.# .. #.#########.#
#.# . . #...#.....#.#
#.#
....#.#)#.###.#(###.(
_....................
....#.#.#.###.#.###..
.....#.#.#.......#
#..


You could see Natasha.

Vanquished Creatures
  2 orc priests (D:3)
  Jessica (D:2)
  Natasha (D:3)
  7 adders
  3 oozes
  A worm (D:3)
  2 dart slugs
  A leopard gecko (D:1)
  5 orcs
  6 bats
  A giant cockroach (D:2)
  7 goblins
  4 hobgoblins
  5 kobolds
  3 frilled lizards (D:2)
  6 rats
55 creatures vanquished.

Notes
Turn   | Place    | Note
-------+----------+-------------------------------------------
     0 | D:1      | Amnesiac the Deep Elf Wizard began the quest for the Orb.
     0 | D:1      | Reached XP level 1. HP: 10/10 MP: 7/7
   155 | D:2      | Noticed Jessica
   217 | D:1      | Reached skill level 5 in Spellcasting
   301 | D:2      | Reached XP level 2. HP: 9/15 MP: 8/10
   305 | D:2      | Learned a level 2 spell: Blink
   308 | D:2      | Learned a level 2 spell: Call Imp
   417 | D:2      | Killed Jessica
   417 | D:2      | Reached skill level 6 in Spellcasting
   417 | D:2      | Reached XP level 3. HP: 13/19 MP: 7/13
   422 | D:2      | Learned a level 3 spell: Conjure Flame
   426 | D:2      | Learned a level 3 spell: Mephitic Cloud
   463 | D:2      | Learned a level 2 spell: Slow
   615 | D:3      | Reached XP level 4. HP: 24/24 MP: 11/14
   650 | D:3      | Reached skill level 7 in Spellcasting
  1076 | D:3      | Noticed Natasha
  1095 | D:3      | Killed Natasha
  1095 | D:3      | Reached skill level 8 in Spellcasting
  1095 | D:3      | Reached XP level 5. HP: 22/28 MP: 8/17
  1136 | D:4      | Noticed Grinder
  1139 | D:4      | Paralysed by Grinder for 3 turns
  1181 | D:3      | Found a sacrificial altar of Ru.
  1304 | D:3      | Found an ancient bone altar of Kikubaaqudgha.
  1314 | D:3      | Became a worshipper of Kikubaaqudgha
  1337 | D:2      | Found an ornate altar of the Wu Jian Council.
  2218 | D:2      | Found an iron altar of Okawaru.
  2396 | D:3      | Found a shadowy altar of Dithmenos.
  2416 | D:3      | Noticed Natasha
  2423 | D:3      | HP: 1/28 [Natasha (9)]
  2424 | D:3      | Mangled by Natasha

Vault maps used:
D:1:      elethiomel_arrival_maze, serial_forest, infiniplex_forest_end_2,
          infiniplex_forest_clump_diagonal, infiniplex_forest_end_2,
          infiniplex_forest_clump_diagonal, infiniplex_forest_lined_corner,
          infiniplex_forest_end_3, infiniplex_forest_straight_2,
          infiniplex_forest_lined_3_way
D:2:      okawaru_altar_gauntlet_db, overflow_temple_1_default, first_ration,
          uniq_jessica
D:3:      cheibrodos_pilgrimage, kiku_gazebo_pond_becter, old_standard_altar,
          nicolae_ru_awakened_eye, uniq_natasha
D:4:      minmay_ogre_servants, uniq_grinder, uniq_ijyb

Skill      XL: |  1  2  3  4 |
---------------+-------------+-----
Spellcasting   | 5 6 8 |  8.9
Dodging        | |  2.4
Stealth        | |  2.4
Conjurations   | |  1.1
Summonings     | |  1.1
Translocations | |  1.1

Action                   |  1- 3 |  4- 6 || total
-------------------------+-------+-------++-------
Melee: Dagger            |       |     8 ||     8
 Cast: Magic Dart        |    47 |   120 ||   167
       Mephitic Cloud    |       |     2 ||     2
       Call Imp          |       |     1 ||     1
  Eat: Chunk             |       |     4 ||     4
Armor: Robe              |       |     1 ||     1
Dodge: Dodged            |     6 |    13 ||    19

Table legend:
 A = Spawn XP
 B = Non-spawn XP
 C = Spawn XP percentage of total XP
 D = Spawn monster count
 E = Non-spawn monster count
 F = Spawn count percentage of total count
 G = Total turns spent on level
                    A         B        C        D         E        F      G
               +---------+---------+-------+---------+---------+-------+---------
         Total |       0 |     338 |   0.0 |       0 |      55 |   0.0 |  2424
               +---------+---------+-------+---------+---------+-------+---------
           D:1 |       0 |      20 |   0.0 |       0 |      11 |   0.0 |   959
           D:2 |       0 |     128 |   0.0 |       0 |      24 |   0.0 |   609
           D:3 |       0 |     190 |   0.0 |       0 |      20 |   0.0 |   849
               +---------+---------+-------+---------+---------+-------+---------
